NYP
IDAHO FALLS CHUKARS @ EVERETT AQUASOX
05/10/2048
 
TOP OF THE 1ST
Idaho Falls Chukars batting - Pitching for Everett AquaSox : LHP Mike Roberts
Pitching: LHP Mike Roberts
Batting: RHB Ruben Luis 0-0: Ball
1-0: Foul Ball, location: 2F
1-1: Ball
2-1: Ground out 6-3 (Groundball, 56, EV 79.4 MPH)
Batting: RHB Mike Bearden 0-0: Ball
1-0: Ball
2-0: Called Strike
2-1: Called Strike
2-2: Strikes out swinging
Batting: RHB Carlos Almada 0-0: Ball
1-0: Called Strike
1-1: Ball
2-1: Called Strike
2-2: Strikes out swinging
Top of the 1st over - 0 runs, 0 hits, 0 errors, 0 left on base; Idaho Falls 0 - Everett 0
BOTTOM OF THE 1ST
Everett AquaSox batting - Pitching for Idaho Falls Chukars : RHP Brian Hunt
Pitching: RHP Brian Hunt
Batting: RHB Heihachiro Fujita 0-0: Ball
1-0: Ball
2-0: Foul Ball, location: 2F
2-1: Swinging Strike
2-2: Ball
3-2: Strikes out swinging
Batting: RHB Eddie Luna 0-0: Called Strike
0-1: Foul Ball, location: 2F
0-2: Foul Ball, location: 2F
0-2: Fly out, F8 (Line Drive, 8RS, EV 105.0 MPH)
Batting: LHB Chris Jackson 0-0: Called Strike
0-1: Swinging Strike
0-2: Ball
1-2: Ball
2-2: Foul Ball, location: 2F
2-2: Strikes out swinging
Bottom of the 1st over - 0 runs, 0 hits, 0 errors, 0 left on base; Idaho Falls 0 - Everett 0
TOP OF THE 2ND
Idaho Falls Chukars batting - Pitching for Everett AquaSox : LHP Mike Roberts
Batting: RHB Jonas Fernandez 0-0: Fly out, F7 (Flyball, 7S, EV 90.6 MPH)
Batting: RHB Chance Argy 0-0: Called Strike
0-1: Ball
1-1: Ball
2-1: Foul Ball, location: 2F
2-2: Ball
3-2: DOUBLE (Line Drive, 89M, EV 96.9 MPH)
Batting: RHB Ian Hornsby 0-0: Called Strike
0-1: Foul Ball, location: 2F
0-2: Ground out 5-3 (Groundball, 56, EV 106.9 MPH)
Batting: RHB Jimmy Mayville 0-0: Ball
1-0: Ball
2-0: Fly out, F9 (Line Drive, 9S, EV 96.2 MPH)
Top of the 2nd over - 0 runs, 1 hit, 0 errors, 1 left on base; Idaho Falls 0 - Everett 0
BOTTOM OF THE 2ND
Everett AquaSox batting - Pitching for Idaho Falls Chukars : RHP Brian Hunt
Batting: LHB William Gonzales 0-0: Called Strike
0-1: Ball
1-1: Foul Ball, location: 2F
1-2: Ball
2-2: Ball
3-2: Base on Balls
Batting: RHB Jose Zuniga 0-0: Called Strike
0-1: Foul Ball, location: 2F
0-2: Strikes out swinging
Batting: SHB Tony Morales 0-0: Swinging Strike
0-1: Swinging Strike
0-2: Foul Ball, location: 2F
0-2: Ball
1-2: Ball
2-2: Fielders Choice at 2nd, 4-6 (Groundball, 4, EV 80.6 MPH)
Batting: RHB Omar Solis 0-0: Ball
Tony Morales steals 2nd base
1-0: Swinging Strike
1-1: Ball
Passed Ball!
Tony Morales to third
2-1: Foul Ball, location: 2F
2-2: Strikes out swinging
Bottom of the 2nd over - 0 runs, 0 hits, 0 errors, 1 left on base; Idaho Falls 0 - Everett 0
TOP OF THE 3RD
Idaho Falls Chukars batting - Pitching for Everett AquaSox : LHP Mike Roberts
Batting: RHB Bobby Matyas 0-0: Ball
1-0: DOUBLE (Flyball, 8RD, EV 101.9 MPH)
Batting: SHB Benoît Morin 0-0: Called Strike
0-1: Ball
1-1: Ball
2-1: Foul Ball, location: 2F
2-2: Ground out 6-3 (Groundball, 56D, EV 78.8 MPH)
Batting: RHB Ruben Luis 0-0: Ball
1-0: DOUBLE (Line Drive, 7LS, EV 107.5 MPH)
Bobby Matyas scores
Batting: RHB Mike Bearden 0-0: Ball
1-0: SINGLE (Groundball, 6M, EV 106.2 MPH)
Ruben Luis to third
Runner from 3rd tries for Home, throw by CF and OUT! 8-2
Mike Bearden to second
Batting: RHB Carlos Almada 0-0: Ball
Wild Pitch!
Mike Bearden to third
1-0: Ball
2-0: Ball
3-0: Foul Ball, location: 2F
3-1: Base on Balls
Batting: RHB Jonas Fernandez 0-0: Ball
1-0: Ball
2-0: SINGLE (Line Drive, 5D, EV 101.9 MPH)
Mike Bearden scores
Carlos Almada to second
Batting: RHB Chance Argy 0-0: Ball
1-0: Foul Ball, location: 2F
1-1: Swinging Strike
1-2: Foul Ball, location: 2F
1-2: Ball
2-2: DOUBLE (Groundball, 3L, EV 101.2 MPH)
Carlos Almada scores
Jonas Fernandez to third
Batting: RHB Ian Hornsby 0-0: Ball
1-0: Ball
2-0: Foul Ball, location: 2F
2-1: Foul Ball, location: 2F
2-2: DOUBLE (Groundball, 5L, EV 95.0 MPH)
Jonas Fernandez scores
Chance Argy scores
Pitching: RHP Jim Tremel
Batting: RHB Jimmy Mayville 0-0: Ball
1-0: Ground out 6-3 (Groundball, 6, EV 87.5 MPH)
Top of the 3rd over - 5 runs, 6 hits, 0 errors, 1 left on base; Idaho Falls 5 - Everett 0
BOTTOM OF THE 3RD
Everett AquaSox batting - Pitching for Idaho Falls Chukars : RHP Brian Hunt
Batting: RHB Jwahir Pili 0-0: Ball
1-0: Ball
2-0: Ball
3-0: Base on Balls
Batting: RHB Neal Perucci 0-0: Ball
1-0: Ball
2-0: Foul Ball, location: 2F
2-1: Swinging Strike
2-2: Foul Ball, location: 2F
2-2: Ball
3-2: Base on Balls
Jwahir Pili to second
Batting: RHB Heihachiro Fujita 0-0: Ball
1-0: Ball
Passed Ball!
Jwahir Pili to third
Neal Perucci to second
2-0: Ball
3-0: Called Strike
3-1: Foul Ball, location: 2F
3-2: Base on Balls
Batting: RHB Eddie Luna 0-0: Ball
1-0: Foul Ball, location: 2F
1-1: Ball
Wild Pitch!
Jwahir Pili scores
Neal Perucci to third
Heihachiro Fujita to second
2-1: Called Strike
2-2: Strikes out looking
Batting: LHB Chris Jackson 0-0: Called Strike
0-1: Ball
1-1: Ball
2-1: Foul Ball, location: 2F
2-2: Ball
3-2: Base on Balls
Batting: LHB William Gonzales 0-0: Ball
1-0: Ball
2-0: Fly out, F8 (Flyball, 8RD, EV 95.6 MPH)
Runner from 3rd tags up, OUT at HOME! 8-2
Bottom of the 3rd over - 1 run, 0 hits, 0 errors, 2 left on base; Idaho Falls 5 - Everett 1
TOP OF THE 4TH
Idaho Falls Chukars batting - Pitching for Everett AquaSox : RHP Jim Tremel
Batting: RHB Bobby Matyas 0-0: Foul Ball, location: 2F
0-1: Ball
1-1: Ball
2-1: Ball
3-1: Swinging Strike
3-2: Foul Ball, location: 2F
3-2: Fly out, F4 (Popup, 4, EV 76.9 MPH)
Batting: SHB Benoît Morin 0-0: Called Strike
0-1: Ball
1-1: Ground out 1-3 (Groundball, 13S, EV 76.2 MPH)
Batting: RHB Ruben Luis 0-0: Foul Ball, location: 2F
0-1: Ball
1-1: Ball
2-1: SINGLE (Groundball, P, EV 94.4 MPH) (infield hit)
Batting: RHB Mike Bearden 0-0: Called Strike
0-1: Foul Ball, location: 2F
0-2: Foul Ball, location: 2F
0-2: Fly out, F8 (Flyball, 8RM, EV 90.0 MPH)
Top of the 4th over - 0 runs, 1 hit, 0 errors, 1 left on base; Idaho Falls 5 - Everett 1
BOTTOM OF THE 4TH
Everett AquaSox batting - Pitching for Idaho Falls Chukars : RHP Brian Hunt
Batting: RHB Jose Zuniga 0-0: Called Strike
0-1: Ball
1-1: Ball
2-1: Foul Ball, location: 2F
2-2: Foul Ball, location: 2F
2-2: Ball
3-2: Strikes out swinging
Pitching: LHP Adam Mallow
Batting: SHB Tony Morales 0-0: Foul Ball, location: 2F
0-1: Ground out 4-3 (Groundball, 4, EV 85.6 MPH)
Batting: RHB Omar Solis 0-0: Ball
1-0: Ball
2-0: SINGLE (Groundball, P, EV 82.5 MPH) (infield hit)
Batting: RHB Jwahir Pili 0-0: Ball
Omar Solis steals 2nd, throwing error, E2
Omar Solis to third
1-0: Ball
2-0: Foul Ball, location: 2F
2-1: TRIPLE (Line Drive, 9LD, EV 111.9 MPH)
Omar Solis scores
Batting: RHB Neal Perucci 0-0: Called Strike
0-1: Ball
1-1: Ball
2-1: Ball
3-1: Base on Balls
Batting: RHB Heihachiro Fujita 0-0: Foul Ball, location: 2F
0-1: Swinging Strike
0-2: Ball
1-2: Strikes out looking
Bottom of the 4th over - 1 run, 2 hits, 1 error, 2 left on base; Idaho Falls 5 - Everett 2
TOP OF THE 5TH
Idaho Falls Chukars batting - Pitching for Everett AquaSox : RHP Jim Tremel
Batting: RHB Carlos Almada 0-0: Foul Ball, location: 2F
0-1: Called Strike
0-2: Foul Ball, location: 2F
0-2: Ball
1-2: Foul Ball, location: 2F
1-2: Ball
2-2: Foul Ball, location: 2F
2-2: SOLO HOME RUN (Flyball, 7LD, EV 96.9 MPH), Distance : 346 ft
Batting: RHB Jonas Fernandez 0-0: Called Strike
0-1: Ball
1-1: Foul Ball, location: 2F
1-2: Ball
2-2: Ball
3-2: SINGLE (Groundball, 6MD, EV 105.6 MPH)
Pitching: RHP Dan Johnson
Batting: RHB Chance Argy 0-0: Ball
1-0: Called Strike
1-1: Foul Ball, location: 2F
1-2: Ball
2-2: Ball
3-2: Ground out 5-3 (Groundball, 56S, EV 63.8 MPH)
Jonas Fernandez to second
Batting: RHB Ian Hornsby 0-0: Swinging Strike
0-1: Ground out U3 (Groundball, 34S, EV 82.5 MPH)
Jonas Fernandez to third
Batting: RHB Jimmy Mayville 0-0: Ball
1-0: Ball
2-0: Ball
3-0: Base on Balls
Batting: RHB Bobby Matyas 0-0: Ball
1-0: SINGLE (Groundball, 6MD, EV 102.5 MPH)
Jonas Fernandez scores
Jimmy Mayville to second
Batting: SHB Benoît Morin 0-0: Called Strike
0-1: Ball
1-1: SINGLE (Line Drive, 8RS, EV 107.5 MPH)
Jimmy Mayville to third
Bobby Matyas to second
Batting: RHB Ruben Luis 0-0: Reached on error, E6 (Groundball, 6S, EV 66.9 MPH)
Jimmy Mayville scores
Bobby Matyas to third
Benoît Morin to second
Batting: RHB Mike Bearden 0-0: Ball
1-0: Fly out, F8 (Flyball, 8RD, EV 90.0 MPH)
Top of the 5th over - 3 runs, 4 hits, 1 error, 3 left on base; Idaho Falls 8 - Everett 2
BOTTOM OF THE 5TH
Everett AquaSox batting - Pitching for Idaho Falls Chukars : LHP Adam Mallow
Batting: RHB Eddie Luna 0-0: Called Strike
0-1: Called Strike
0-2: Strikes out swinging
Batting: LHB Chris Jackson 0-0: Ground out U3 (Groundball, 3L, EV 102.5 MPH)
Batting: LHB William Gonzales 0-0: Ball
1-0: Called Strike
1-1: Called Strike
1-2: Ball
2-2: Foul Ball, location: 2F
2-2: Strikes out swinging
Bottom of the 5th over - 0 runs, 0 hits, 0 errors, 0 left on base; Idaho Falls 8 - Everett 2
TOP OF THE 6TH
Idaho Falls Chukars batting - Pitching for Everett AquaSox : RHP Dan Johnson
Batting: RHB Carlos Almada 0-0: Ball
1-0: Ball
2-0: Ball
3-0: Base on Balls
Batting: RHB Jonas Fernandez 0-0: Called Strike
0-1: Fly out, F7 (Flyball, 78M, EV 90.6 MPH)
Batting: RHB Chance Argy 0-0: Called Strike
0-1: Fielders Choice at 2nd, 3-6 (Groundball, 34, EV 103.8 MPH)
Batting: RHB Ian Hornsby 0-0: Ball
1-0: Ball
2-0: Called Strike
2-1: Foul Ball, location: 2F
2-2: Fielders Choice at 2nd, 6-4 (Groundball, 6, EV 81.9 MPH)
Top of the 6th over - 0 runs, 0 hits, 0 errors, 1 left on base; Idaho Falls 8 - Everett 2
BOTTOM OF THE 6TH
Everett AquaSox batting - Pitching for Idaho Falls Chukars : LHP Adam Mallow
Batting: RHB Jose Zuniga 0-0: Ball
1-0: Called Strike
1-1: Foul Ball, location: 2F
1-2: Strikes out looking
Batting: SHB Tony Morales 0-0: Called Strike
0-1: Called Strike
0-2: Ball
1-2: Ground out 5-3 (Groundball, 25, EV 88.8 MPH)
Batting: RHB Omar Solis 0-0: Called Strike
0-1: Called Strike
0-2: Foul Ball, location: 2F
0-2: Ground out 5-3 (Groundball, 56, EV 100.0 MPH)
Bottom of the 6th over - 0 runs, 0 hits, 0 errors, 0 left on base; Idaho Falls 8 - Everett 2
TOP OF THE 7TH
Idaho Falls Chukars batting - Pitching for Everett AquaSox : RHP Dan Johnson
Batting: RHB Jimmy Mayville 0-0: Called Strike
0-1: Foul Ball, location: 2F
0-2: Ball
1-2: Foul Ball, location: 2F
1-2: Strikes out swinging
Batting: RHB Bobby Matyas 0-0: Foul Ball, location: 2F
0-1: Ball
1-1: Ball
2-1: Foul Ball, location: 2F
2-2: Ball
3-2: Foul Ball, location: 2F
3-2: Base on Balls
Pitching: LHP Chris Wheeler
Batting: SHB Benoît Morin 0-0: Fly out, F7 (Flyball, 78M, EV 80.6 MPH)
Batting: RHB Ruben Luis 0-0: Ball
1-0: Foul Ball, location: 2F
1-1: Ground out 5-3 (Groundball, 56S, EV 65.0 MPH)
Top of the 7th over - 0 runs, 0 hits, 0 errors, 1 left on base; Idaho Falls 8 - Everett 2
BOTTOM OF THE 7TH
Everett AquaSox batting - Pitching for Idaho Falls Chukars : LHP Adam Mallow
Batting: RHB Jwahir Pili 0-0: Fly out, F8 (Flyball, 8LD, EV 90.6 MPH)
Batting: RHB Neal Perucci 0-0: Ball
1-0: Swinging Strike
1-1: Foul Ball, location: 2F
1-2: Strikes out swinging
Batting: RHB Heihachiro Fujita 0-0: Ball
1-0: Ball
2-0: Ball
3-0: Base on Balls
Pitching: RHP Francisco Reyes
Batting: RHB Eddie Luna 0-0: Called Strike
Heihachiro Fujita steals 2nd base
0-1: Ball
1-1: Foul Ball, location: 2F
1-2: Strikes out swinging
Bottom of the 7th over - 0 runs, 0 hits, 0 errors, 1 left on base; Idaho Falls 8 - Everett 2
TOP OF THE 8TH
Idaho Falls Chukars batting - Pitching for Everett AquaSox : LHP Chris Wheeler
Batting: RHB Mike Bearden 0-0: Swinging Strike
0-1: Called Strike
0-2: Ball
1-2: Strikes out looking
Batting: RHB Carlos Almada 0-0: SINGLE (Groundball, 6D, EV 98.1 MPH)
Batting: RHB Jonas Fernandez 0-0: Called Strike
0-1: Called Strike
0-2: Strikes out looking
Batting: RHB Chance Argy 0-0: Called Strike
0-1: Called Strike
0-2: Ball
1-2: Foul Ball, location: 2F
1-2: Ball
2-2: Strikes out swinging
Top of the 8th over - 0 runs, 1 hit, 0 errors, 1 left on base; Idaho Falls 8 - Everett 2
BOTTOM OF THE 8TH
Everett AquaSox batting - Pitching for Idaho Falls Chukars : RHP Francisco Reyes
Batting: LHB Chris Jackson 0-0: Ball
1-0: Called Strike
1-1: Fly out, F7 (Flyball, 78D, EV 105.6 MPH)
Batting: LHB William Gonzales 0-0: Foul Ball, location: 2F
0-1: Ball
1-1: Ball
2-1: Swinging Strike
2-2: Strikes out swinging
Batting: RHB Jose Zuniga 0-0: Called Strike
0-1: Swinging Strike
0-2: Foul Ball, location: 2F
0-2: Strikes out swinging
Bottom of the 8th over - 0 runs, 0 hits, 0 errors, 0 left on base; Idaho Falls 8 - Everett 2
TOP OF THE 9TH
Idaho Falls Chukars batting - Pitching for Everett AquaSox : LHP Chris Wheeler
Pitching: RHP Ian Gaines
Batting: RHB Ian Hornsby 0-0: Ball
1-0: Foul Ball, location: 2F
1-1: Foul Ball, location: 2F
1-2: Foul Ball, location: 2F
1-2: Strikes out looking
Batting: RHB Jimmy Mayville 0-0: Swinging Strike
0-1: Ball
1-1: Foul Ball, location: 2F
1-2: Foul Ball, location: 2F
1-2: Fly out, F9 (Flyball, 9D, EV 98.1 MPH)
Batting: RHB Bobby Matyas 0-0: Called Strike
0-1: SINGLE (Line Drive, 34D, EV 106.9 MPH)
Batting: SHB Benoît Morin 0-0: Called Strike
0-1: Foul Ball, location: 2F
0-2: Ball
1-2: Ball
2-2: Strikes out swinging
Top of the 9th over - 0 runs, 1 hit, 0 errors, 1 left on base; Idaho Falls 8 - Everett 2
BOTTOM OF THE 9TH
Everett AquaSox batting - Pitching for Idaho Falls Chukars : RHP Francisco Reyes
Batting: SHB Tony Morales 0-0: Foul Ball, location: 2F
0-1: Ball
1-1: Swinging Strike
1-2: Strikes out swinging
Batting: RHB Omar Solis 0-0: Ground out 4-3 (Groundball, 34, EV 107.5 MPH)
Batting: RHB Jwahir Pili 0-0: Called Strike
0-1: Ground out 6-3 (Groundball, 6, EV 100.6 MPH)
Bottom of the 9th over - 0 runs, 0 hits, 0 errors, 0 left on base; Idaho Falls 8 - Everett 2
Tuesday, March 28th , 2023 - OOTP Baseball 23.10 Build 110